 Dungeon Crawl Stone Soup version 0.29.0-4-gdea44cf6ec (webtiles) character file.

Game seed: 5742794545391794800

16 qw the Sneak (level 2, 0/19 HPs)
             Began as a Gargoyle Delver on Sept 10, 2022.
             Slain by an orc
             ... wielding a +0 mace
              (6 damage)
             ... on level 3 of the Dungeon.
             The game lasted 00:00:17 (903 turns).

qw the Sneak (Gargoyle Delver)                       Turns: 903, Time: 00:00:17

Health: 0/19       AC:  5    Str: 15    XL:     2   Next: 58%
Magic:  2/2        EV:  7    Int: 10    God:
Gold:   40         SH: 10    Dex: 11    Spells: 1/1 levels left

rFire   . . .      SeeInvis .   a - +0 hand axe
rCold   . . .      Faith    .   c - +0 tower shield
rNeg    + . .      Spirit   .   b - +0 leather armour
rPois   inf        Reflect  .   (no helmet)
rElec   +          Harm     .   (no cloak)
rCorr   .          Rampage  .   (no gloves)
Will    .....                   (no boots)
Stlth   +++.......              (no amulet)
HPRegen 0.06/turn               (no ring)
MPRegen 0.08/turn               (no ring)

@: no status effects
A: sickness immunity, AC +2, negative energy resistance 1, electricity
resistance, torment resistance 1, petrification resistance
a: no special abilities


You were on level 3 of the Dungeon.
You visited 1 branch of the dungeon, and saw 3 of its levels.

You collected 40 gold pieces.


Innate Abilities, Weirdness & Mutations

You are immune to sickness and miasma.
Your stone body is resilient. (AC +2)
You are immune to poison.
You resist negative energy. (rN+)
You are resistant to electric shocks. (rElec)
You are resistant to unholy torment.
You are immune to petrification.


   Skills:
 - Level 3.2 Fighting
 - Level 2.5 Axes
 - Level 1.5 Dodging
 - Level 5.4 Stealth
 + Level 1.2 Shields


You had one spell level left.
You didn't know any spells.
Your spell library was empty.

Inventory:

Hand Weapons
 a - a +0 hand axe (weapon)
 d - a +0 club
Armour
 b - a +0 leather armour (worn)
 c - a +0 tower shield (worn)
Wands
 g - a wand of digging (3)
Potions
 e - a potion of invisibility {unknown}
 f - a potion of haste

Dungeon Overview and Level Annotations

Branches:
Dungeon (5/15)
 Temple: D:4-7

Altars:


Message History

The orc shouts!
You hear a shout! x2
A goblin comes into view. It is wielding a +0 club.
An orc comes into view. It is wielding a +0 flail.
An orc comes into view. It is wielding a +0 mace.
The orc moves out of view.
You slash the orc!
You kill the orc!
A kobold comes into view. It is wielding a +0 dagger.
A rat comes into view.
Your Shields skill increases to level 1!
The kobold shouts!
You slash the goblin!
You kill the goblin!
An orc comes into view. It is wielding a +0 mace.
895 ||| Stepping ~*~*~tactically~*~*~ (stealth).
You barely miss the orc. You block the orc's attack.
You closely miss the orc. The orc hits you but does no damage.
The orc hits you with a +0 mace.
You closely miss the orc. The orc hits you with a +0 mace!
The orc hits you with a +0 mace.
The orc shouts!
You hit the orc.
The orc is severely wounded.
You block the orc's attack.
You closely miss the orc.
The orc is severely wounded.
The orc hits you but does no damage. You block the orc's attack.
You closely miss the orc.
The orc is severely wounded.
You block the orc's attack. The orc barely misses you.
You completely miss the orc.
The orc is severely wounded.
You block the orc's attack.
The orc shouts!
You hit the orc but do no damage.
The orc is severely wounded.
You hear a shout!
You block the orc's attack. The orc hits you with a +0 mace.
You die...

######.........#.#.#
#.......####.#.#.#.#
#.####.## #.#.#.#.#
#.#....# ..#+#+#.#
#......# .... ..#
###.##.# ..#..
#.##.##..#...
#.##)##..#### #@##.#
#o##.# #K# .# #o#
.o# r.# ...# ...#
....#


You could see 3 orcs, a kobold and a rat (wandering).

Vanquished Creatures
  A worm (D:3)
  An orc (D:3)
  An endoplasm (D:3)
  A giant cockroach (D:4)
  2 goblins
  3 jackals (D:4)
  A quokka (D:4)
10 creatures vanquished.

Vanquished Creatures (others)
  7 toadstools (D:4)
7 creatures vanquished.

Grand Total: 17 creatures vanquished

Notes
Turn   | Place    | Note
-------+----------+-------------------------------------------
     0 | D:5      | qw the Gargoyle Delver began the quest for the Orb.
     0 | D:5      | Reached XP level 1. HP: 14/14 MP: 1/1
     0 | D:5      | 0 ||| qw: Version: 0.1-a-116-g5d60599
     0 | D:5      | 0 ||| qw: Game counter: 8361
     0 | D:5      | 0 ||| qw: Always use a shield: true
     0 | D:5      | 0 ||| qw: God list: Okawaru
     0 | D:5      | 0 ||| qw: Allow faded altars: false
     0 | D:5      | 0 ||| qw: Do Orc after D:15 true
     0 | D:5      | 0 ||| qw: Do second Lair branch before Depths: true
     0 | D:5      | 0 ||| qw: Lair rune preference: random
     0 | D:5      | 0 ||| qw: Plans: Normal
     0 | D:5      | 0 ||| PLANNING D:1-11
    33 | D:5      | 33 ||| DROPPING scroll of fog.
    34 | D:5      | 34 ||| DROPPING scroll of magic mapping.
    35 | D:5      | 35 ||| DROPPING scroll of fear.
    77 | D:4      | 77 ||| Stepping ~*~*~tactically~*~*~ (stealth).
    95 | D:4      | 95 ||| Stepping ~*~*~tactically~*~*~ (stealth).
    97 | D:4      | 97 ||| Stepping ~*~*~tactically~*~*~ (stealth).
    98 | D:4      | 98 ||| Stepping ~*~*~tactically~*~*~ (stealth).
   100 | D:4      | 100 ||| Stepping ~*~*~tactically~*~*~ (stealth).
   102 | D:4      | 102 ||| Stepping ~*~*~tactically~*~*~ (stealth).
   103 | D:4      | 103 ||| Stepping ~*~*~tactically~*~*~ (stealth).
   111 | D:4      | 111 ||| Stepping ~*~*~tactically~*~*~ (stealth).
   120 | D:4      | 120 ||| Stepping ~*~*~tactically~*~*~ (stealth).
   270 | D:4      | 270 ||| Stepping ~*~*~tactically~*~*~ (stealth).
   289 | D:4      | Reached XP level 2. HP: 14/19 MP: 2/2
   400 | D:4      | 400 ||| UPGRADING to +0 tower shield.
   429 | D:3      | HP: 1/19 [worm (4)]
   891 | D:3      | Reached skill level 1 in Shields
   895 | D:3      | 895 ||| Stepping ~*~*~tactically~*~*~ (stealth).
   903 | D:3      | Slain by an orc

Levels and vault maps discovered:
D:3:      layout_basic
D:4:      cheibrodos_fertilizer, layout_loops_ring, uniq_sigmund, uniq_duvessa,
          uniq_natasha
D:5:      layout_layer_cave, nicolae_elevator_lobby_plus

Skill      XL: |  1  2 |
---------------+-------+-----
Axes           | 2 |  2.5
Shields        | 1 |  1.2
Fighting       | |  3.2
Dodging        | |  1.5
Stealth        | |  5.4

Action                   || total
-------------------------++-------
Melee: Hand axe          ||    40
 Stab: Sleeping          ||     1
Armor: Leather armour    ||    13
Dodge: Dodged            ||    18
Block: Tower shield      ||    10

Table legend:
 A = Non-vault XP
 B = Vault XP
 C = Vault XP percentage of total XP
 D = Non-vault monster count
 E = Vault monster count
 F = Vault count percentage of total count
                 A         B        C        D         E       F
            +---------+---------+-------+---------+---------+-------
      Total |      24 |       0 |   0.0 |      10 |       0 |   0.0
            +---------+---------+-------+---------+---------+-------
        D:3 |      12 |       0 |   0.0 |       4 |       0 |   0.0
        D:4 |      12 |       0 |   0.0 |       6 |       0 |   0.0
            +---------+---------+-------+---------+---------+-------
